 Dungeon Crawl Stone Soup version 0.30-a0-1104-g706747fef1 (webtiles) character file.

Game seed: 3849951285962140492

42133 Anamonty the Unseen (level 13, -4/96 HPs)
             Began as a Vampire Enchanter on Apr 17, 2023.
             Was an Initiate of Gozag.
             Slain by a cane toad (17 damage)
             ... on level 4 of the Lair of Beasts on Apr 19, 2023.
             The game lasted 00:33:08 (16182 turns).

Anamonty the Unseen (Vampire Enchanter)            Turns: 16182, Time: 00:33:08

Health: -4/96      AC:  9    Str:  7    XL:     13   Next: 83%
Magic:  20/24      EV: 18    Int: 20    God:    Gozag
Gold:   2932       SH:  0    Dex: 19    Spells: 11/27 levels left

rFire   + + .      SeeInvis +    y - +10 short sword "Suake Ydaon" {spect, *Rage rF+ Will+ Int+2}
rCold   + + .      Faith    .    (no shield)
rNeg    . . .      Spirit   .    w - +2 robe {rC+}
rPois   .          Reflect  .    n - +2 hat {Stlth+}
rElec   .          Rampage  .    f - +2 cloak
rCorr   .          Rage     20%  (no gloves)
Will    ++...                    (no boots)
Stlth   ++++++++                 K - amulet of magic regeneration
HPRegen 0.56/turn                r - ring of protection from fire
MPRegen 0.59/turn                a - ring of protection from cold

@: lethally poisoned (-4 -> -6), confusing by touch, on berserk cooldown,
healing quickly, slowed, very slow
A: alive, fangs 3, see invisible, vampiric 2
a: Exsanguinate, Renounce Religion, Potion Petition, Call Merchant, Bribe Branch


You were on level 4 of the Lair of Beasts.
You worshipped Gozag.
Gozag was most pleased with you.
You visited 2 branches of the dungeon, and saw 18 of its levels.
You also visited: Ossuary.

You collected 4554 gold pieces.
You spent 60 gold pieces at shops.
You paid 1562 gold pieces to Gozag.

Inventory:

Hand Weapons
 m - a +2 dagger of flaming
 y - the +10 short sword "Suake Ydaon" (weapon) {spect, *Rage rF+ Will+ Int+2}
   (You found it on level 3 of the Dungeon)

   Int:       It affects your intelligence (+2).
   rF:        It protects you from fire.
   *Rage:     It berserks you when you make melee attacks (+20% chance).
   Will:      It increases your willpower.
Missiles
 j - 3 throwing nets
Armour
 f - a +2 cloak (worn)
 n - a +2 hat of stealth (worn)
 w - a +2 robe of cold resistance (worn)
Jewellery
 a - a ring of protection from cold (right hand)
 r - a ring of protection from fire (left hand)
 C - an amulet of guardian spirit
 I - an amulet of the acrobat
 K - an amulet of magic regeneration (around neck)
Wands
 d - a wand of quicksilver (20) (quivered)
 q - a wand of paralysis (4)
 H - a wand of iceblast (15)
Scrolls
 e - 8 scrolls of teleportation
 g - 3 scrolls of amnesia
 k - 3 scrolls of torment
 u - 9 scrolls of magic mapping
 z - 5 scrolls of poison
 A - 2 scrolls of noise
 B - 2 scrolls of enchant armour
 D - 2 scrolls of fog
 E - a scroll of blinking
 F - a scroll of acquirement {unknown}
 G - 5 scrolls of vulnerability
Potions
 b - a potion of ambrosia {unknown}
 c - 3 potions of invisibility
 h - 5 potions of mutation
 i - 4 potions of cancellation
 l - 2 potions of lignification
 o - 8 potions of might
 p - 3 potions of haste
 s - 8 potions of heal wounds
 t - 6 potions of attraction
 v - 7 potions of flight
 x - 6 potions of curing
 J - 2 potions of brilliance {unknown}
 L - a potion of magic {unknown}


   Skills:
 + Level 7.3 Fighting
 + Level 9.2 Short Blades
 + Level 9.5 Dodging
 * Level 18.4 Stealth
 + Level 7.9 Spellcasting
 * Level 17.0 Hexes
 * Level 4.5 Summonings
 + Level 4.1 Evocations


You had 11 spell levels left.
You knew the following spells:

 Your Spells              Type           Power      Damage    Failure   Level
a - Ensorcelled Hibernat  Hex/Ice        84%        N/A       1%          2
b - Tukima's Dance        Hex            66%        N/A       1%          3
c - Confusing Touch       Hex            66%        N/A       1%          3
d - Dazzling Flash        Conj/Hex       84%        N/A       1%          3
e - Yara's Violent Unrav  Hex/Tmut       21%        3d10      7%          5

Your spell library contained the following spells:

 Spells                   Type           Power      Damage    Failure   Level
 Freeze                   Ice            28%        1d5       9%          1
 Magic Dart               Conj           28%        1d4       9%          1
 Necrotise                Necr           28%        1d5       9%          1
 Cigotuvi's Dreadful Rot  Necr/Pois/Air  14%        N/A       13%         2
 Static Discharge         Conj/Air       14%        2-3/arc   13%         2
 Frozen Ramparts          Ice            14%        1d3       26%         3
 Hailstorm                Conj/Ice       7%         3d4       26%         3
 Ignite Poison            Fire/Tmut/Pois 7%         N/A       26%         3
 Swiftness                Air            7%         N/A       26%         3
 Vampiric Draining        Necr           7%         2d6       26%         3
 Vhi's Electric Charge    Tloc/Air       14%        N/A       26%         3
 Summon Ice Beast         Ice/Summ       17%        N/A       32%         4
 Summon Lightning Spire   Summ/Air       17%        N/A       32%         4
 Airstrike                Air            3%         2d(1-17)  65%         4
 Dispel Undead            Necr           7%         3d8       65%         4
 Ice Form                 Ice/Tmut       7%         N/A       65%         4
 Manifold Assault         Tloc           7%         N/A       65%         4
 Passage of Golubria      Tloc           7%         N/A       65%         4
 Agony                    Necr           7%         N/A       94%         5
 Arcjolt                  Conj/Air       3%         1d13      94%         5
 Fireball                 Conj/Fire      3%         3d4       94%         5
 Freezing Cloud           Conj/Ice/Air   3%         6-21      94%         5
 Death Channel            Necr           3%         N/A       100%        6
 Dispersal                Tloc           3%         N/A       100%        6
 Plasma Beam              Fire/Air       3%         2x1d15    100%        6
 Orb of Destruction       Conj           3%         9d5       100%        7
 Disjunction              Tloc           3%         N/A       100%        8


Dungeon Overview and Level Annotations

Branches:
Dungeon (13/15)            Temple (0/1) D:6            Lair (5/5) D:10
  Swamp (0/4) Lair:2       Spider (0/4) Lair:2        Slime (0/5) Lair:4
    Orc (0/2) D:12        Ossuary (visited)
 Vaults: D:13-14

Altars:
Dithmenos
Fedhas
Gozag
Hepliaklqana
Kikubaaqudgha
Okawaru
Sif Muna
Trog
Uskayaw
Vehumet
Xom

Shops:
D:6 [   D:11 *   D:12 (

Annotations:
D:3 2 runed translucent doors, KristoblXynda's ghost, amateur DrGl
D:9 1 runed translucent door, confidenceinterval's ghost, novice DEHu
Lair:2 2 transporters, Xoimmeym's ghost, journeyman DsHu


Innate Abilities, Weirdness & Mutations

Your natural rate of healing is accelerated.
You have razor-sharp teeth.
You have supernaturally acute eyesight. (SInv)
You are afflicted with vampirism and can become a bat while bloodless.


Message History

You feel very sick. The cane toad misses you. The death yak gores you.
You hit the death yak but do no damage.
You bite the death yak, but do no damage.
You feel sick. The cane toad stings you!
Casting: Confusing Touch (safe; 1% risk of failure)
Confirm with . or Enter, or press ? or * to list all spells.
Aiming: Ensorcelled Hibernation (safe; 1% risk of failure)
Press: ? - help, Shift-Dir - straight line, f - death yak
Aim: a death yak (chance to confuse on hit: 15%, chance to affect: 8%)
The death yak resists with almost no effort.
You feel very sick. The death yak closely misses you.
The cane toad closely misses you. The death yak misses you.
Casting: Ensorcelled Hibernation (safe; 1% risk of failure)
Confirm with . or Enter, or press ? or * to list all spells.
Aiming: Ensorcelled Hibernation (safe; 1% risk of failure)
Press: ? - help, Shift-Dir - straight line, f - cane toad, p - death yak
Aim: a cane toad (chance to confuse on hit: 78%, chance to affect: 67%)
The cane toad struggles to resist.
You feel very sick.
The cane toad is distracted by your dazzling golden aura.
The death yak completely misses you.
The cane toad croaks.
Unknown command.
Casting: Ensorcelled Hibernation (safe; 1% risk of failure)
Confirm with . or Enter, or press ? or * to list all spells.
Aiming: Ensorcelled Hibernation (safe; 1% risk of failure)
Press: ? - help, Shift-Dir - straight line, f/p - cane toad
Aim: a cane toad (chance to confuse on hit: 78%, chance to affect: 67%)
The cane toad is no longer distracted by gold.
The cane toad looks drowsy...
You feel sick. The death yak gores you!
* * * LOW HITPOINT WARNING * * *
The death yak gores you!
* * * LOW HITPOINT WARNING * * *
The helpless cane toad fails to defend itself.
You hit the cane toad but do no damage. The cane toad misses you.
The death yak barely misses you. The cane toad stings you!
You die...
Your body crumbles into a pile of gold.

#.#P##### # #.......## #
##.......## # ##.......#
# ##P......## #
#P.>....#.# ##
##.......#### P###
###..........## ...###
#......@....#.# ..##.###
##....FY....###
รท......###............#
........#............##
........#............#
.....................#
..#................#.#
..#.................##
..#........#....P.###


You could see a death yak and a cane toad.

Vanquished Creatures
  Gastronok (Lair:1)
  Kirke (Lair:4)
  Erolcha (D:9)
  4 hydras
  A catoblepas (Lair:2)
  A boulder beetle (Lair:3)
  2 two-headed ogres
  5 death yaks
  A wolf spider (Lair:3)
  An ugly thing (D:12)
  Maurice (D:10)
  5 black mambas
  6 cane toads
  A gargoyle (D:7)
  Psyche (D:10)
  6 komodo dragons
  3 rime drakes
  5 trolls
  3 meliai (D:13)
  2 hornets
  5 polar bears
  12 blink frogs
  A blink frog (shapeshifter) (D:13)
  A vampire (D:10)
  A shadow (D:10)
  5 hogs
  56 yaks
  3 wraiths
  4 wyverns
  4 vampire mosquitoes (D:11)
  3 basilisks
  2 acid dragons
  12 water moccasins
  3 orc warriors
  3 sky beasts
  6 black bears
  11 wolves
  7 centaurs
  An ogre (D:5)
  3 phantoms
  4 kobold brigands
  13 bullfrogs
  2 gnoll sergeants
  9 scorpions
  4 wights (D:9)
  9 killer bees
  5 howler monkeys
  6 electric eels (Lair:2)
  4 orc priests
  3 gnoll boudas
  4 jellies
  A sleepcap (D:5)
  Jessica (D:2)
  An iguana (D:5)
  12 orc wizards
  A mummy (Ossuary)
  26 gnolls
  8 adders
  A white imp (D:6)
  2 ufetubi (D:7)
  3 worms (D:2)
  3 dart slugs
  48 orcs
  7 endoplasms
  5 giant cockroaches
  4 goblins
  2 hobgoblins
  27 kobolds
  6 quokkas
  10 ball pythons
  4 bats
  9 frilled lizards
  5 gnoll skeletons (Ossuary)
  3 kobold skeletons (Ossuary)
  17 orc skeletons (Ossuary)
  6 rats
  A spectral weapon (D:9)
470 creatures vanquished.

Vanquished Creatures (collateral kills)
  2 orc warriors
  An orc priest (D:10)
  A gnoll (D:8)
  4 orcs (D:8)
8 creatures vanquished.

Vanquished Creatures (others)
  10 dancing weapons
  2 humans (Lair:4)
  A jelly (Lair:4)
  An endoplasm (Lair:4)
  A kobold (D:10)
  37 fungi
  46 plants
  A spectral weapon (Lair:4)
99 creatures vanquished.

Grand Total: 577 creatures vanquished

Notes
Turn   | Place    | Note
-------+----------+-------------------------------------------
     0 | D:1      | Anamonty the Vampire Enchanter began the quest for the Orb.
     0 | D:1      | Reached XP level 1. HP: 13/13 MP: 3/3
   188 | D:1      | Upgraded the game from 0.30-a0-1093-gcfb1e0cf12 to
                  | 0.30-a0-1104-g706747fef1
   205 | D:1      | Reached XP level 2. HP: 19/19 MP: 5/5
   904 | D:2      | Reached skill level 5 in Stealth
  1003 | D:2      | Reached skill level 5 in Hexes
  1003 | D:2      | Gained mutation: You are afflicted with vampirism and can
                  | become a bat while bloodless. [Vampire growth]
  1003 | D:2      | Reached XP level 3. HP: 22/24 MP: 6/6
  1094 | D:1      | Learned a level 2 spell: Ensorcelled Hibernation
  1098 | D:1      | Learned a level 3 spell: Tukima's Dance
  1529 | D:2      | Noticed Jessica
  1543 | D:2      | Killed Jessica
  1544 | D:2      | Reached XP level 4. HP: 15/30 MP: 4/7
  1675 | D:3      | Found a large runed translucent door.
  1676 | D:3      | Found a large runed translucent door.
  1722 | D:3      | Identified the +10 short sword "Suake Ydaon" {spect, *Rage
                  | rF+ Will+ Int+2}
  1746 | D:3      | Reached skill level 6 in Stealth
  1746 | D:3      | Reached XP level 5. HP: 35/35 MP: 5/8
  1863 | D:3      | Found a hide-covered altar of Uskayaw.
  1873 | D:3      | Found a shimmering altar of Xom.
  2061 | D:3      | Noticed KristoblXynda's ghost (amateur DrGl)
  2086 | D:3      | Found an opulent altar of Gozag.
  2201 | D:3      | Found a faded altar of an unknown god.
  2382 | D:4      | Learned a level 3 spell: Confusing Touch
  2449 | D:4      | Noticed a black bear
  2451 | D:4      | Noticed a black bear
  2476 | D:3      | Killed a black bear
  2477 | D:3      | Reached XP level 6. HP: 41/41 MP: 4/10
  2786 | D:4      | Reached skill level 7 in Stealth
  2993 | D:4      | Found a bloodstained altar of Trog.
  3016 | D:4      | Found a blossoming altar of Fedhas.
  3202 | D:5      | Entered Level 5 of the Dungeon
  3275 | D:5      | Reached skill level 1 in Fighting
  3295 | D:5      | Reached XP level 7. HP: 48/48 MP: 11/11
  3554 | D:5      | Reached skill level 8 in Stealth
  3579 | D:5      | Identified the +7 spear "Innossek" {elec, Will+}
  3659 | D:5      | Got Fysitoep's Exposition on Fuming Striking
  3805 | D:5      | Found an ancient bone altar of Kikubaaqudgha.
  3816 | D:5      | Found a shimmering blue altar of Sif Muna.
  3829 | D:5      | Found a radiant altar of Vehumet.
  3832 | D:5      | Reached XP level 8. HP: 56/56 MP: 13/13
  3839 | D:5      | Got Vehumet's Papyrus of Violence
  3896 | D:5      | Found a hazy altar of Hepliaklqana.
  3904 | D:5      | Learned a level 3 spell: Dazzling Flash
  4098 | D:3      | Became a worshipper of Gozag Ym Sagoz the Greedy
  4283 | D:6      | Found Edokikuo's Armour Shop.
  4285 | D:6      | Identified the +8 dagger of Compound Interest {holy, Fly}
  4313 | D:6      | Found a shadowy altar of Dithmenos.
  4406 | D:6      | Reached skill level 9 in Stealth
  4521 | D:6      | Found a staircase to the Ecumenical Temple.
  4647 | D:6      | Found an iron altar of Okawaru.
  5050 | D:6      | Reached skill level 5 in Dodging
  5050 | D:6      | Reached skill level 10 in Stealth
  5351 | D:7      | Reached XP level 9. HP: 62/62 MP: 15/15
  5445 | D:7      | Noticed a gargoyle
  5447 | D:7      | Killed a gargoyle
  5448 | D:7      | Reached skill level 5 in Short Blades
  5448 | D:7      | Reached skill level 11 in Stealth
  5448 | D:7      | Reached skill level 10 in Hexes
  6245 | D:8      | Reached skill level 12 in Stealth
  6278 | D:8      | Reached skill level 5 in Spellcasting
  6283 | D:8      | Reached XP level 10. HP: 66/71 MP: 10/17
  6316 | D:8      | Noticed a two-headed ogre
  6334 | D:8      | Killed a two-headed ogre
  6510 | D:8      | Identified the +3 halberd of Pride {elec, Int+3}
  6511 | D:8      | Found a sand-covered staircase.
  6522 | Ossuary  | Entered an ossuary
  7256 | D:9      | Paralysed by a hornet for 2 turns
  7377 | D:9      | Reached skill level 13 in Stealth
  7732 | D:9      | Found a runed translucent door.
  7732 | D:9      | Noticed confidenceinterval's ghost (novice DEHu)
  7732 | D:9      | Noticed a boulder beetle
  7816 | D:9      | Noticed Erolcha
  7832 | D:9      | Killed Erolcha
  8293 | D:10     | Entered Level 10 of the Dungeon
  8321 | D:10     | Noticed Psyche
  8343 | D:10     | Killed Psyche
  8533 | D:10     | Reached XP level 11. HP: 78/78 MP: 19/19
  8707 | D:10     | Reached skill level 14 in Stealth
  8953 | D:10     | Reached skill level 5 in Fighting
  8983 | D:10     | Noticed Maurice
  9005 | D:10     | Killed Maurice
  9075 | D:10     | Found a staircase to the Lair.
  9772 | D:11     | Found Empoiq's CLEARANCE SALE!.
  9790 | D:11     | Bought a potion of haste for 40 gold pieces
  9790 | D:11     | Bought a scroll of teleportation for 12 gold pieces
  9790 | D:11     | Bought a scroll of identify for 8 gold pieces
 10173 | D:12     | Reached skill level 15 in Stealth
 10262 | D:12     | Noticed a cyan ugly thing
 10272 | D:12     | Killed a cyan ugly thing
 10339 | D:12     | Found Qekewe's Antique Weapon Boutique.
 10506 | D:12     | Noticed a two-headed ogre
 10518 | D:12     | Killed a two-headed ogre
 10669 | D:12     | Found a staircase to the Orcish Mines.
 10669 | D:12     | Noticed a skeletal warrior
 10669 | D:12     | Noticed a skeletal warrior
 10669 | D:12     | Noticed a skeletal warrior
 10670 | D:12     | Noticed a skeletal warrior
 10811 | D:13     | Reached XP level 12. HP: 87/87 MP: 21/21
 10814 | D:13     | Reached skill level 1 in Evocations
 10916 | D:13     | Identified the +6 spear "Goblinslayer" {antimagic, Dex+4}
 11092 | Lair:1   | Entered Level 1 of the Lair of Beasts
 11137 | Lair:1   | Reached skill level 16 in Stealth
 11447 | Lair:1   | Reached skill level 15 in Hexes
 11447 | Lair:1   | Reached skill level 1 in Summonings
 11660 | Lair:1   | Noticed Gastronok
 11687 | Lair:1   | Killed Gastronok
 11955 | Lair:1   | Noticed a seven-headed hydra
 11962 | Lair:1   | Killed a seven-headed hydra
 12294 | Lair:2   | Noticed a catoblepas
 12298 | Lair:2   | Killed a catoblepas
 12328 | Lair:2   | Noticed an eight-headed hydra
 12498 | Lair:2   | Found a transporter.
 12504 | Lair:2   | Found a transporter.
 12504 | Lair:2   | Noticed a boulder beetle
 12637 | Lair:2   | Found a hole to the Spider Nest.
 12668 | Lair:2   | Noticed Xoimmeym's ghost (journeyman DsHu)
 12753 | Lair:1   | Reached skill level 17 in Stealth
 13041 | Lair:2   | Found a staircase to the Swamp.
 13665 | Lair:2   | Killed an eight-headed hydra
 13829 | Lair:3   | Reached XP level 13. HP: 95/95 MP: 22/24
 14913 | Lair:4   | Noticed Kirke
 15109 | Lair:4   | Learned a level 5 spell: Yara's Violent Unravelling
 15249 | Lair:4   | Reached skill level 18 in Stealth
 15267 | Lair:4   | Noticed a sphinx
 15287 | Lair:4   | Noticed a sphinx
 15292 | Lair:4   | Killed Kirke
 15549 | Lair:4   | Found a staircase to the Slime Pits.
 16165 | Lair:5   | Entered Level 5 of the Lair of Beasts
 16182 | Lair:4   | Slain by a cane toad

Illustrated notes

Levels and vault maps discovered:
D:1:      nzn_arrival_settlement, layout_basic, serial_bayou_pond_e,
          st_stairs_11, corexii_hall_statues_x, minmay_tall_x
D:2:      layout_basic, uniq_jessica
D:3:      layout_basic, mainiacjoe_overflow_catch_the_wave, lemuel_tele_altar,
          shapermc_ecumenical_altar_mp_urbaneastern,
          ebering_ghost_disaster_area, minmay_lizard_king
D:4:      layout_cave_pools, mainiacjoe_overflow_big_doors, kennysheep_mini_moat
D:5:      layout_rooms, palyth_temple_overflow_mages,
          nzn_hepliaklqana_mist_gate, minmay_misc_feat_enclosed,
          serial_park_tiny_pond, grunt_ministairs_3
D:6:      layout_gridville, okawaru_gym_becter, nicolae_overflow_crystal_walls,
          minmay_temple_entry_enclosed_plants, serial_shops,
          nicolae_shop_window_shopping
D:7:      layout_gridville
D:8:      cheibrodos_helix_gallery, layout_basic,
          nicolae_ossuary_entry_monument, special_room [special_room_orc]
D:9:      layout_irregular_city, ebering_ghost_inner_flame, minmay_puff,
          uniq_erolcha
D:10:     layout_small_grid, grunt_lair_entry_orc_guard_hut, uniq_maurice,
          uniq_psyche
D:11:     layout_basic, nicolae_shop_clearance
D:12:     layout_roguey, david_orc_5, serial_shops,
          nicolae_shop_pleasant_corner_grove
D:13:     layout_rooms, erik_vaults_1, serial_rivers,
          chequers_serial_rivers_room_a, chequers_serial_rivers_small_a,
          chequers_serial_rivers_small_b, chequers_serial_rivers_micro_a,
          chequers_serial_rivers_large_a, grunt_ministairs_1, elyvilon_altar_5
Lair:1:   layout_cave_pods, uniq_gastronok
Lair:2:   layout_gridlike, swamp_mist_pool, nicolae_spider_entry_non_spiders,
          gammafunk_ghost_berserking_beasts, disabler_island
Lair:3:   nzn_winding_woodlands_small [nzn_winding_woodlands_5x15_pockets,
          nzn_winding_woodlands_center_triple_pond,
          nzn_winding_woodlands_5x15_split_checker], layout_misc_corridors
Lair:4:   layout_cave_pods, nicolae_slime_entry_slimehenge, grunt_megastairs_4,
          uniq_kirke
Lair:5:   evilmike_catoblepas_cave, layout_big_grid, portal_ice_cave_rime,
          serial_bayou_shore_b, serial_bayou_shore_b

Skill      XL: |  1  2  3  4  5  6  7  8  9 10 11 12 13 |
---------------+----------------------------------------+-----
Stealth        | 5 6 7 8 10 12 13 15 17 18 | 18.4
Hexes          | 5 6 7 8 9 11 12 14 15 17 | 17.0
Short Blades   | 2 3 4 5 6 7 8 9 |  9.2
Dodging        | 3 4 5 6 7 8 9 |  9.5
Spellcasting   | 3 4 5 6 7 |  7.9
Fighting       | 1 2 3 4 5 6 7 |  7.3
Evocations     | 2 4 |  4.1
Summonings     | 2 4 |  4.5

Action                     |  1- 3 |  4- 6 |  7- 9 | 10-12 | 13-15 || total
---------------------------+-------+-------+-------+-------+-------++-------
  Melee: Dagger            |   100 |    20 |       |    91 |   111 ||   322
         Bite              |     9 |    12 |    22 |    59 |    25 ||   127
         Punch             |     1 |     1 |     4 |     6 |     4 ||    16
         Short sword       |       |    64 |   194 |   376 |    79 ||   713
   Cast: Tukima's Dance    |     1 |     6 |    17 |    14 |       ||    38
         Ensorcelled Hiber |       |     7 |     4 |    51 |    42 ||   104
         Dazzling Flash    |       |       |     1 |     5 |     8 ||    14
         Confusing Touch   |       |       |       |    15 |     7 ||    22
         Yara's Violent Un |       |       |       |       |     3 ||     3
 Invoke: Potion Petition   |       |       |       |       |     2 ||     2
  Evoke: Wand              |       |       |       |    13 |       ||    13
    Use: Potion            |     1 |       |       |       |     2 ||     3
         Scroll            |       |     5 |     4 |    19 |     1 ||    29
   Stab: Sleeping          |    10 |    12 |    16 |    63 |    41 ||   142
         Invisible         |     1 |       |     1 |     4 |    11 ||    17
         Distracted        |       |     1 |     1 |     5 |     2 ||     9
         Confused          |       |       |       |    11 |     4 ||    15
 Armour: Robe              |    21 |    24 |    42 |    70 |    31 ||   188
  Dodge: Dodged            |    54 |    47 |   113 |   293 |   171 ||   678

Table legend: (Time is in decaauts)
 A = Elapsed time spent in this place.
 B = Non-inter-level travel time spent in this place.
 C = Inter-level travel time spent in this place.
 D = Time resting spent in this place.
 E = Time spent auto-exploring this place.
 F = Levels seen in this place.
 G = Mean time per level.
                   A        B        C        D        E       F      G
               +--------+--------+--------+--------+--------+-----+--------+
         Total |  16456 |  15623 |    833 |    140 |  11257 |  19 |  866.1 |
       Dungeon |  11184 |  10570 |    614 |    140 |   7693 |  13 |  860.3 |
          Lair |   4964 |   4745 |    219 |      0 |   3387 |   5 |  992.8 |
       Ossuary |    307 |    307 |      0 |      0 |    176 |   1 |  307.0 |
               +--------+--------+--------+--------+--------+-----+--------+

Top non-repeatable levels by time:
  Lair:1: 1526 daAuts
  Lair:4: 1386 daAuts
     D:9: 1302 daAuts
  Lair:2: 1143 daAuts
     D:3: 1119 daAuts
     D:8: 1094 daAuts
     D:6: 1077 daAuts
    D:10: 1075 daAuts
  Lair:3: 900 daAuts
     D:1: 844 daAuts
     D:2: 802 daAuts
     D:5: 780 daAuts
     D:4: 722 daAuts
    D:12: 707 daAuts
     D:7: 667 daAuts
